 Dungeon Crawl Stone Soup version 0.19-a0-78-g674c7a4 (webtiles) character file.

2766 Duffy the Cruncher (level 10, -25/74 HPs)
             Began as a Formicid Fighter on May 13, 2016.
             Was a Believer of Cheibriados.
             Killed from afar by a deep elf mage (32 damage)
             ... with a shard of ice
             ... in a bailey.
             The game lasted 00:10:32 (7668 turns).

Duffy the Cruncher (Formicid Fighter)               Turns: 7668, Time: 00:10:33

Health: -25/74     AC:  9    Str: 29    XL:     10   Next: 1%
Magic:  10/10      EV:  9    Int: 13    God:    Cheibriados [**....]
Gold:   401        SH: 12    Dex: 15    Spells: 0 memorised, 9 levels left

rFire  . . .     SeeInvis +     a - +0 quarterstaff
rCold  . . .     Gourm    .     s - +0 chain mail
rNeg   . . .     Faith    +     c - +0 shield
rPois  .         Spirit   .     (helmet unavailable)
rElec  .         Dismiss  .     (no cloak)
rCorr  .         Reflect  .     (no gloves)
SustAt .         Harm     .     (no boots)
MR     +....                    h - amulet of faith
Stlth  ..........               (no ring)
                                (no ring)

@: drained, very slow, somewhat resistant to hostile enchantments, extremely
unstealthy
A: permanent stasis, dig shafts and tunnels, four strong arms, antennae 3
a: Dig, Shaft Self, Bend Time, Renounce Religion


You were in a bailey.
You worshipped Cheibriados.
Cheibriados was pleased with you.
You were not hungry.

You visited 1 branch of the dungeon, and saw 7 of its levels.
You also visited: Sewer and Bailey.

You collected 401 gold pieces.


Innate Abilities, Weirdness & Mutations

You are under a permanent stasis effect.
You can dig through walls and to a lower floor.
Your four strong arms can wield two-handed weapons with a shield.
You have a pair of large antennae on your head (SInv).


   Skills:
 + Level 5.4(4.7) Fighting
 * Level 9.2(8.4) Staves
 + Level 5.4(4.7) Armour
 - Level 2.6(2.0) Dodging
 - Level 9.0(8.3) Shields


You had 9 spell levels left.
You didn't know any spells.

Inventory:

Hand Weapons
 a - a +0 quarterstaff (weapon)
 B - a +0 blowgun
 E - a +0 dire flail
Missiles
 k - 8 curare-tipped needles
 n - 14 tomahawks (quivered)
 w - 26 poisoned needles
 A - 7 javelins
Armour
 b - a +0 scale mail
 c - a +0 shield (worn)
 s - a +0 chain mail (worn)
 y - the +1 scale mail of Ladders and Snakes {rN+ Dex+4}

   It affects your dexterity (+4).
   It protects you from negative energy.
Jewellery
 e - an uncursed ring of ice
 h - an amulet of faith (around neck)
Wands
 d - a wand of digging (13/24)
Scrolls
 i - 3 scrolls of remove curse
 o - a scroll of enchant weapon {unknown}
 q - a scroll of fog {unknown}
 t - a scroll of fear {unknown}
 C - a scroll of random uselessness {unknown}
Potions
 g - 2 potions of heal wounds
 l - 2 potions of agility {unknown}
 p - 2 potions of ambrosia {unknown}
 v - 2 potions of cancellation
 x - a potion of haste {unknown}
 D - a potion of mutation {unknown}
Books
 u - a book of the Earth
Comestibles
 f - 4 bread rations
 j - 2 beef jerkies
 m - a slice of pizza
 r - a meat ration

Dungeon Overview and Level Annotations

Branches:
Dungeon (7/15)
 Temple: D:4-7

Altars:
Ashenzari
Cheibriados
Dithmenos
Gozag
Okawaru
Sif Muna

Annotations:
D:5 Lugonue's ghost, amateur SpWz


Message History

You kill the deep elf mage!
Cheibriados appreciates the change of pace.
Your Fighting skill increases to level 5!
Your Staves skill increases to level 9!
Your Armour skill increases to level 5!
You have reached level 10!
The deep elf mage gestures at you while chanting.
The orb of energy hits the ice beast.
The ice beast dies!
The battlesphere fires!
The barrage of energy hits you!
The deep elf mage hits you with a rapier.
You sock the deep elf mage!
The deep elf mage is moderately wounded.
The deep elf mage hits you but does no damage.
You hit the deep elf mage but do no damage.
The deep elf mage is moderately wounded.
The deep elf mage hits you with a dagger.
You hit the deep elf mage.
The deep elf mage is moderately wounded.
The deep elf mage casts a spell.
The deep elf mage blinks!
You block the deep elf mage's attack.
You hit the deep elf mage but do no damage.
The deep elf mage is moderately wounded.
The deep elf mage points at you and mumbles some strange words.
The bolt of negative energy hits you!
You feel drained.
You are too injured to fight recklessly!
You are too injured to fight recklessly!
You are too injured to fight recklessly!
You are too injured to fight recklessly!
You are too injured to fight recklessly!
You are too injured to fight recklessly!
You are too injured to fight recklessly!
You are too injured to fight recklessly!
You are too injured to fight recklessly!
You are too injured to fight recklessly!
You are too injured to fight recklessly!
You are too injured to fight recklessly!
You are too injured to fight recklessly!
You are too injured to fight recklessly!
You are too injured to fight recklessly!
You hit the deep elf mage.
The deep elf mage is moderately wounded.
The deep elf mage hits you but does no damage.
You miss the deep elf mage.
The deep elf mage is moderately wounded.
You block the deep elf mage's attack.
You thump the deep elf mage!
The deep elf mage is heavily wounded.
The deep elf mage casts a spell at you. The shard of ice hits you!
You die...

#..\..##..##
#.....#....#
..
##...##.)..#
e######'##..##
##...###...###
#.....#.....#
#.....#..\..#
#.....#..e..#
#....#@...##
#e#####
#..*e#e{..#
#..... .....#
{ #.....
.....# #.....
.....# ##...#
#...## .###
###. .. .e


You could see 3 deep elf magi and a battlesphere.

Action                   |  1- 3 |  4- 6 |  7- 9 | 10-12 || total
-------------------------+-------+-------+-------+-------++-------
Melee: Quarterstaff      |   103 |   232 |   276 |     7 ||   618
 Abil: Dig               |     1 |     5 |     6 |       ||    12
  Use: Scroll            |       |       |     7 |       ||     7
       Potion            |       |       |     2 |       ||     2
  Eat: Chunk             |     1 |    11 |     9 |       ||    21
Armor: Scale mail        |    60 |    75 |    51 |       ||   186
       Chain mail        |       |       |     6 |     1 ||     7
Dodge: Dodged            |    42 |    71 |    59 |       ||   172
Block: Shield            |    59 |   116 |   127 |     2 ||   304

Notes
Turn   | Place    | Note
--------------------------------------------------------------
     0 | D:1      | Duffy the Formicid Fighter began the quest for the Orb.
     0 | D:1      | Reached XP level 1. HP: 18/18 MP: 1/1
   219 | D:1      | Reached XP level 2. HP: 24/24 MP: 2/2
   292 | D:1      | Reached skill level 4 in Shields
   414 | D:1      | Reached XP level 3. HP: 29/29 MP: 3/3
   866 | D:1      | Reached skill level 3 in Staves
  1046 | D:2      | Found a deep blue altar of Sif Muna.
  1171 | D:2      | Reached XP level 4. HP: 34/35 MP: 4/4
  1548 | D:2      | Reached skill level 5 in Shields
  1828 | D:3      | Noticed Robin
  1847 | D:3      | Killed Robin
  1847 | D:3      | Reached XP level 5. HP: 28/41 MP: 5/5
  2036 | D:3      | Noticed an orc warrior
  2485 | D:3      | Reached skill level 4 in Staves
  2773 | D:3      | Reached XP level 6. HP: 47/47 MP: 6/6
  2932 | D:3      | Reached skill level 6 in Shields
  3858 | D:3      | Found an iron altar of Okawaru.
  4471 | D:4      | Reached skill level 5 in Staves
  4471 | D:4      | Reached XP level 7. HP: 52/52 MP: 7/7
  4529 | D:4      | Noticed Duvessa
  4529 | D:4      | Noticed Dowan
  4540 | D:4      | Killed Duvessa
  4540 | D:4      | Reached skill level 7 in Shields
  4547 | D:4      | Killed Dowan
  4905 | D:4      | Found a shadowy altar of Dithmenos.
  4912 | D:4      | Found an opulent altar of Gozag.
  4913 | D:4      | Found a snail-covered altar of Cheibriados.
  4919 | D:4      | Became a worshipper of Cheibriados the Contemplative
  4998 | D:4      | Found a shattered altar of Ashenzari.
  5454 | D:5      | Entered Level 5 of the Dungeon
  5458 | D:5      | Noticed Lugonue's ghost (amateur SpWz)
  5567 | D:5      | Reached skill level 6 in Staves
  5586 | D:5      | Reached XP level 8. HP: 57/58 MP: 8/8
  5678 | D:5      | Got a twisted scale mail
  5696 | D:5      | Identified the cursed +1 scale mail of Ladders and Snakes {rN+ Dex+4} (You found it on level 5 of the Dungeon)
  5737 | D:5      | Reached skill level 8 in Shields
  5850 | D:6      | Found an opulent altar of Gozag.
  6032 | D:6      | Found a glowing drain.
  6037 | Sewer    | Entered a sewer
  6048 | Sewer    | Reached * piety under Cheibriados
  6481 | D:6      | Reached skill level 7 in Staves
  6481 | D:6      | Reached skill level 9 in Shields
  6674 | D:6      | Noticed a yak
  6688 | D:6      | Killed a yak
  6688 | D:6      | Reached skill level 1 in Dodging
  6688 | D:6      | Reached XP level 9. HP: 12/65 MP: 9/9
  6966 | D:6      | Reached skill level 4 in Armour
  7091 | D:7      | Reached ** piety under Cheibriados
  7157 | D:7      | Reached skill level 4 in Fighting
  7320 | D:7      | Reached skill level 8 in Staves
  7320 | D:7      | Reached skill level 2 in Dodging
  7336 | D:7      | Found a flagged portal.
  7345 | Bailey   | Entered a bailey
  7358 | Bailey   | Noticed a deep elf mage
  7367 | Bailey   | Killed a deep elf mage
  7647 | Bailey   | Noticed a deep elf mage
  7648 | Bailey   | Noticed a deep elf mage
  7648 | Bailey   | Noticed a deep elf mage
  7648 | Bailey   | Noticed a deep elf mage
  7649 | Bailey   | Noticed a deep elf mage
  7649 | Bailey   | Noticed a deep elf mage
  7661 | Bailey   | Killed a deep elf mage
  7661 | Bailey   | Reached skill level 5 in Fighting
  7661 | Bailey   | Reached skill level 9 in Staves
  7661 | Bailey   | Reached skill level 5 in Armour
  7661 | Bailey   | Reached XP level 10. HP: 55/74 MP: 10/10
  7668 | Bailey   | Killed from afar by a deep elf mage

Skill      XL: |  1  2  3  4  5  6  7  8  9 |
---------------+----------------------------+-----
Shields        | 4 5 6 7 9 |  9.0
Staves         | 3 4 5 6 7 9 |  9.2
Dodging        | 1 2 |  2.6
Armour         | 5 |  5.4
Fighting       | 5 |  5.4

Vault maps used:
D:1:      dpeg_arrival_circle_labyrinth_c, nrook_mini_vaults,
          minmay_rat_gold_closets
D:2:      overflow_temple_1_default
D:3:      nicolae_overflow_crystal_walls, hangedman_decor_points, uniq_robin
D:4:      nicolae_ashenzari_panopticon, minitemple, uniq_duvessa
D:5:      tso_oasis_becter, first_bread
D:6:      minmay_opposing_rooms, basic_altar, lightli_sewer_entry_pipes,
          st_stairs_4, kennysheep_generic_room_4
D:7:      grunt_pakellas_mercury, nicolae_qazlal_eye_of_the_storm,
          minmay_temple_entry_glass, enter_bailey_2, grunt_ogre_cave,
          makhleb_heckhound_becter
Sewer:    sewer_the_crocodile
Bailey:   bailey_polearm_3, bailey

Vanquished Creatures
  2 deep elf magi
  A centaur zombie
  A yak Duvessa
  A sky beast
  An orc warrior
  3 ogres
  A crocodile Dowan
  A howler monkey
  2 crimson imps
  4 orc priests
  3 hounds
  A worker ant
  4 orc wizards
  A hound skeleton Robin
  12 gnolls
  6 adders
  A shadow imp
  2 worms
  4 dart slugs
  7 giant geckos
  19 orcs
  3 giant cockroaches
  17 goblins
  9 hobgoblins
  10 jackals
  5 kobolds
  2 quokkas
  A ball python
  7 bats
  A giant cockroach zombie
  5 giant newts
  11 rats
151 creatures vanquished.
